Flyers vs Devils

Created - 14 février 2018 at 20:03

Goals
1 2 3 T
Flyers 1 1 0 2
Devils 1 3 0 4
Shots
1 2 3 T
Flyers 7 11 6 24
Devils 12 10 6 28

1st period

1. Flyers , Andre Burakovsky 12 (Thomas Vanek 20, Bo Horvat 27) at 11:38
2. Devils , Mike Cammalleri 15 (Dustin Brown 18, Dougie Hamilton 20) at 13:00

Penalties :
Kyle Brodziak (PHI) for Hooking (Minor) at 2:14

2nd period

3. Devils , Justin Schultz 6 (Drew Stafford 18, Michal Neuvirth) at 4:24 (PP)
4. Flyers , Alexander Killorn 11 (Ben Hutton 8, Scott Hartnell 19) at 7:07
5. Devils , Nikolay Kulemin 11 (Steven Kampfer 7, Darren Helm 15) at 8:19
6. Devils , Nikolay Kulemin 12 (Darren Helm 16, Adam Pardy 6) at 15:52

Penalties :
Matt Benning (PHI) for Tripping (Minor) at 0:04, Damon Severson (PHI) for Hooking (Minor) at 4:12

3rd period

No Goal

Penalties :
Ben Hutton (PHI) for Holding Stick (Minor) at 6:33, Scott Wilson (NJD) for Holding (Minor) at 10:47

Goalie Stats

Steve Mason (PHI), 24 saves from 28 shots - (0.857), L, 17-25-4, 60:00 minutes
Michal Neuvirth (NJD), 22 saves from 24 shots - (0.917), W, 12-32-5, 60:00 minutes

Players Stats for Flyers

Player Name              G  A  P  +/- PIM S  H  SB GA TA FO     MP     PP MP  PK MP  
------------------------------------------------------------------------------------
Alexander Killorn        1  0  1   1  0   3  0  0  0  0  4/16   16:37   0:22   1:43 
Andre Burakovsky         1  0  1  -2  0   1  2  1  0  0  0/0    16:49   0:00   1:02 
Andrew MacDonald         0  0  0  -1  0   1  0  3  0  0  0/0    21:30   0:22   1:53 
Ben Hutton               0  1  1  -1  2   0  1  1  0  0  0/0    19:37   0:22   2:08 
Bo Horvat                0  1  1  -2  0   4  3  1  0  0  9/22   16:20   0:33   0:00 
Calle Jarnkrok           0  0  0   0  0   3  0  0  0  0  3/3    16:09   1:26   2:12 
Casey Cizikas            0  0  0   0  0   3  2  0  0  0  7/16   16:38   1:04   3:03 
Damon Severson           0  0  0  -1  2   0  0  3  0  0  0/0    22:24   1:06   2:58 
Joel Ward                0  0  0   0  0   0  2  0  0  0  1/1    14:35   0:00   2:04 
Jonathan Ericsson        0  0  0   1  0   0  5  3  0  0  0/0    19:57   0:31   3:24 
Jori Lehtera             0  0  0   0  0   4  1  0  0  0  1/5     9:02   0:00   0:00 
Josh Ho-Sang             0  0  0   1  0   0  0  0  0  0  0/2    15:27   0:55   0:00 
Kyle Brodziak            0  0  0   0  2   2  1  0  0  0  1/4    11:15   0:00   2:14 
Matt Benning             0  0  0  -1  2   0  3  1  0  0  0/0    18:24   1:04   1:45 
Riley Sheahan            0  0  0   0  0   0  0  0  0  0  0/0     9:02   0:00   0:00 
Scott Hartnell           0  1  1   1  0   2  2  0  0  0  0/0    15:36   1:04   0:00 
Thomas Vanek             0  1  1  -2  0   1  1  0  0  0  0/0    16:20   0:33   0:00 
Troy Stecher             0  0  0   1  0   0  1  0  0  0  0/0    18:05   0:33   0:10 

Players Stats for Devils

Player Name              G  A  P  +/- PIM S  H  SB GA TA FO     MP     PP MP  PK MP  
------------------------------------------------------------------------------------
Adam Pardy               0  1  1   2  0   0  1  1  0  0  0/0    16:41   0:16   0:00 
Ales Hemsky              0  0  0  -1  0   0  0  0  0  0  1/1    11:38   0:00   0:00 
Anton Stralman           0  0  0  -1  0   2  4  1  0  0  0/0    22:53   3:15   0:50 
Boyd Gordon              0  0  0  -1  0   3  1  0  0  0  6/10   12:39   0:00   1:01 
Bryan Bickell            0  0  0  -1  0   1  2  0  0  0  0/0    11:06   0:00   0:00 
Darren Helm              0  2  2   2  0   1  1  0  0  0  15/23  18:31   3:06   0:58 
Dougie Hamilton          0  1  1   0  0   1  2  1  0  0  0/0    21:05   2:54   1:09 
Drew Stafford            0  1  1   2  0   1  1  0  0  0  0/0    17:33   3:06   0:00 
Dustin Brown             0  1  1   1  0   1  0  0  0  0  0/1    18:47   3:03   0:58 
Jordan Staal             0  0  0   1  0   2  0  0  0  0  14/20  17:49   3:03   0:00 
Justin Schultz           1  0  1  -1  0   2  1  0  0  0  0/0    22:23   2:59   0:50 
Mike Cammalleri          1  0  1   1  0   5  1  0  0  0  0/0    17:49   3:03   0:00 
Nikolay Kulemin          2  0  2   2  0   4  1  0  0  0  1/2    18:34   3:06   1:01 
Pavel Zacha              0  0  0  -1  0   2  0  0  0  0  6/10   11:06   0:00   0:00 
Rocco Grimaldi           0  0  0  -1  0   1  0  0  0  0  0/1    11:06   0:00   0:00 
Scott Wilson             0  0  0  -1  2   2  1  0  0  0  0/1    11:32   0:00   0:00 
Shayne Gostisbehere      0  0  0   0  0   0  1  1  0  0  0/0    20:37   2:54   1:09 
Steven Kampfer           0  1  1   2  0   0  0  1  0  0  0/0    16:11   0:00   0:00 

3 Stars

1 - Nikolay Kulemin (NJD)
2 - Darren Helm (NJD)
3 - Mike Cammalleri (NJD)

Power Play

Flyers - 0 on 1 Attempt(s) - 0.00%
Devils - 1 on 4 Attempt(s) - 25.00%

Penalty Kill

Flyers - 3 on 4 Attempt(s) - 75.00% - Score 0 goal in Penalty Kill
Devils - 1 on 1 Attempt(s) - 100.00% - Score 0 goal in Penalty Kill

Team Stat

Flyers - Hits : 24 - Faceoff Wins : 26 - Blocked Shots : 13 - Penalty Minutes : 8
Devils - Hits : 17 - Faceoff Wins : 43 - Blocked Shots : 5 - Penalty Minutes : 2

Official

Referees : TJ Luxmore and Frederick L'Ecuyer
Linesman : Bryan Pancich and Lonnie Cameron

Game Notes

No Game Note

Finance

Level 1 -- Attendance: 5143 (85.72%) -- Ticket Income 606 874 $
Level 2 -- Attendance: 4154 (83.08%) -- Ticket Income 353 090 $
Level 3 -- Attendance: 2000 (100.00%) -- Ticket Income 160 000 $
Level 4 -- Attendance: 3287 (90.68%) -- Ticket Income 65 740 $
Luxury Box -- Attendance: 866 (86.60%) -- Ticket Income 194 850 $
Game was played at the Prudential Center.
Total Attendance: 15450 (87.66%)
Total Ticket Income: 1 380 554 $
Other Income: 207 083 $
Total Income: 1 587 637 $

% Time on Ice - Flyers

Lines # - Real PCT - Wanted PCT - Time Play
Normal Forward
1 - 30% - 35% - 15:47
2 - 28% - 30% - 14:32
3 - 24% - 23% - 12:31
4 - 17% - 12% - 9:02
Normal Defense
1 - 34% - 42% - 17:38
2 - 34% - 34% - 17:26
3 - 30% - 24% - 15:32
4 - 2% - 0% - 1:16
PP Forward
1 - 28% - 60% - 0:33
2 - 72% - 40% - 1:26
PP Defense
1 - 74% - 60% - 1:28
2 - 26% - 40% - 0:31
PK Forward
1 - 66% - 60% - 4:05
2 - 34% - 40% - 2:04
PK Defense
1 - 49% - 50% - 3:02
2 - 51% - 50% - 3:07
PK3 Forward
1 - 0% - 60%
2 - 0% - 40%
PK3 Defense
1 - 0% - 60%
2 - 0% - 40%
44 Forward
1 - 0% - 60%
2 - 0% - 40%
44 Defense
1 - 0% - 60%
2 - 0% - 40%
Last Minute Offensive  - 0:00
Last Minute Defensive  - 0:00
Total
Forward - 60:00
Defense - 60:00

% Time on Ice - Devils

Lines # - Real PCT - Wanted PCT - Time Play
Normal Forward
1 - 28% - 30% - 14:46
2 - 28% - 30% - 14:27
3 - 22% - 20% - 11:33
4 - 21% - 20% - 11:06
Normal Defense
1 - 35% - 34% - 18:16
2 - 33% - 34% - 17:20
3 - 31% - 32% - 16:16
4 - 0% - 0% - 0:00
PP Forward
1 - 50% - 50% - 3:03
2 - 50% - 50% - 3:06
PP Defense
1 - 53% - 50% - 3:15
2 - 47% - 50% - 2:54
PK Forward
1 - 51% - 50% - 1:01
2 - 49% - 50% - 0:58
PK Defense
1 - 42% - 50% - 0:50
2 - 58% - 50% - 1:09
PK3 Forward
1 - 0% - 60%
2 - 0% - 40%
PK3 Defense
1 - 0% - 60%
2 - 0% - 40%
44 Forward
1 - 0% - 50%
2 - 0% - 50%
44 Defense
1 - 0% - 50%
2 - 0% - 50%
Last Minute Offensive  - 0:00
Last Minute Defensive  - 0:00
Total
Forward - 60:00
Defense - 60:00

Play by Play

1st period


0:01 of 1st period - Jordan Staal wins face-off versus Bo Horvat in neutral zone.
0:11 of 1st period - Icing by Bo Horvat.
0:12 of 1st period - Bo Horvat wins face-off versus Darren Helm in Flyers zone.
0:49 of 1st period - Darren Helm is hit by Thomas Vanek and loses puck.
1:28 of 1st period - Shot by Alexander Killorn.
1:28 of 1st period - Shot Blocked by Steven Kampfer.
1:43 of 1st period - Off-side.
1:44 of 1st period - Casey Cizikas wins face-off versus Rocco Grimaldi in neutral zone.
1:50 of 1st period - Calle Jarnkrok is hit by Anton Stralman and loses puck.
1:58 of 1st period - Casey Cizikas is hit by Anton Stralman and loses puck.
2:03 of 1st period - Shot by Calle Jarnkrok.
2:03 of 1st period - Shot Misses the Net.
2:05 of 1st period - Shot by Jonathan Ericsson.
2:05 of 1st period - Shot Misses the Net.
2:13 of 1st period - Shot by Casey Cizikas.
2:13 of 1st period - Stopped by Michal Neuvirth without a rebound.
2:14 of 1st period - Jordan Staal wins face-off versus Jori Lehtera in Devils zone.
2:14 of 1st period - Minor Penalty to Kyle Brodziak for Hooking.
2:15 of 1st period - Jordan Staal wins face-off versus Alexander Killorn in Flyers zone.
2:18 of 1st period - Shot by Justin Schultz.
2:18 of 1st period - Stopped by Steve Mason without a rebound.
2:19 of 1st period - Jordan Staal wins face-off versus Alexander Killorn in Flyers zone.
3:35 of 1st period - Shot by Dougie Hamilton.
3:35 of 1st period - Shot Blocked by Jonathan Ericsson.
4:40 of 1st period - Shot by Scott Wilson.
4:40 of 1st period - Shot Misses the Net.
4:42 of 1st period - Shot by Adam Pardy.
4:42 of 1st period - Shot Misses the Net.
4:46 of 1st period - Shot by Boyd Gordon.
4:46 of 1st period - Stopped by Steve Mason without a rebound.
4:47 of 1st period - Pavel Zacha wins face-off versus Bo Horvat in Flyers zone.
4:50 of 1st period - Shot by Pavel Zacha.
4:50 of 1st period - Stopped by Steve Mason with a rebound.
4:58 of 1st period - Matt Benning is hit by Bryan Bickell.
5:08 of 1st period - Shot by Rocco Grimaldi.
5:08 of 1st period - Stopped by Steve Mason without a rebound.
5:09 of 1st period - Jordan Staal wins face-off versus Casey Cizikas in Flyers zone.
5:28 of 1st period - Shot by Calle Jarnkrok.
5:28 of 1st period - Stopped by Michal Neuvirth without a rebound.
5:29 of 1st period - Darren Helm wins face-off versus Alexander Killorn in Devils zone.
5:36 of 1st period - Shot by Darren Helm.
5:36 of 1st period - Shot Misses the Net.
5:42 of 1st period - Shot by Nikolay Kulemin.
5:42 of 1st period - Stopped by Steve Mason with a rebound.
5:44 of 1st period - Shot by Nikolay Kulemin.
5:44 of 1st period - Stopped by Steve Mason without a rebound.
5:45 of 1st period - Jordan Staal wins face-off versus Jori Lehtera in Flyers zone.
6:31 of 1st period - Riley Sheahan is hit by Darren Helm.
6:59 of 1st period - Icing by Nikolay Kulemin.
7:00 of 1st period - Darren Helm wins face-off versus Bo Horvat in Devils zone.
7:02 of 1st period - Icing by Nikolay Kulemin.
7:03 of 1st period - Darren Helm wins face-off versus Bo Horvat in Devils zone.
7:03 of 1st period - Darren Helm is hit by Andre Burakovsky.
7:29 of 1st period - Shot by Bo Horvat.
7:29 of 1st period - Stopped by Michal Neuvirth without a rebound.
7:30 of 1st period - Jordan Staal wins face-off versus Josh Ho-Sang in Devils zone.
7:45 of 1st period - Shot by Dustin Brown.
7:45 of 1st period - Stopped by Steve Mason without a rebound.
7:46 of 1st period - Pavel Zacha wins face-off versus Casey Cizikas in Flyers zone.
8:59 of 1st period - Shot by Alexander Killorn.
8:59 of 1st period - Stopped by Michal Neuvirth without a rebound.
9:00 of 1st period - Boyd Gordon wins face-off versus Bo Horvat in Devils zone.
11:04 of 1st period - Shot by Jori Lehtera.
11:04 of 1st period - Stopped by Michal Neuvirth without a rebound.
11:05 of 1st period - Casey Cizikas wins face-off versus Pavel Zacha in Devils zone.
11:08 of 1st period - Shot by Calle Jarnkrok.
11:08 of 1st period - Stopped by Michal Neuvirth without a rebound.
11:09 of 1st period - Bo Horvat wins face-off versus Pavel Zacha in Devils zone.
11:38 of 1st period - Shot by Andre Burakovsky.
11:38 of 1st period - Goal by Andre Burakovsky - Flyers : 1 - Devils : 0.
11:39 of 1st period - Darren Helm wins face-off versus Casey Cizikas in neutral zone.
11:44 of 1st period - Shot by Drew Stafford.
11:44 of 1st period - Shot Misses the Net.
11:46 of 1st period - Shot by Nikolay Kulemin.
11:46 of 1st period - Shot Misses the Net.
12:20 of 1st period - Icing by Andrew MacDonald.
12:21 of 1st period - Calle Jarnkrok wins face-off versus Jordan Staal in Flyers zone.
13:00 of 1st period - Shot by Mike Cammalleri.
13:00 of 1st period - Goal by Mike Cammalleri - Flyers : 1 - Devils : 1.
13:01 of 1st period - Boyd Gordon wins face-off versus Alexander Killorn in neutral zone.
13:43 of 1st period - Icing by Troy Stecher.
13:44 of 1st period - Darren Helm wins face-off versus Alexander Killorn in Flyers zone.
14:39 of 1st period - Shot by Jordan Staal.
14:39 of 1st period - Stopped by Steve Mason without a rebound.
14:40 of 1st period - Bo Horvat wins face-off versus Pavel Zacha in Flyers zone.
15:16 of 1st period - Rocco Grimaldi is hit by Matt Benning.
15:30 of 1st period - Dougie Hamilton is hit by Matt Benning and loses puck.
15:34 of 1st period - Mike Cammalleri is hit by Ben Hutton and loses puck.
15:39 of 1st period - Shot by Jordan Staal.
15:39 of 1st period - Stopped by Steve Mason without a rebound.
15:40 of 1st period - Casey Cizikas wins face-off versus Darren Helm in Flyers zone.
16:00 of 1st period - Nikolay Kulemin is hit by Casey Cizikas and loses puck.
16:05 of 1st period - Damon Severson is hit by Nikolay Kulemin and loses puck.
16:12 of 1st period - Shot by Nikolay Kulemin.
16:12 of 1st period - Shot Blocked by Damon Severson.
16:40 of 1st period - Shot by Mike Cammalleri.
16:40 of 1st period - Stopped by Steve Mason with a rebound.
17:13 of 1st period - Ales Hemsky is hit by Jonathan Ericsson and loses puck.
17:57 of 1st period - Pavel Zacha is hit by Scott Hartnell and loses puck.
18:47 of 1st period - Off-side.
18:48 of 1st period - Jordan Staal wins face-off versus Casey Cizikas in neutral zone.
18:55 of 1st period - Shot by Jordan Staal.
18:55 of 1st period - Shot Misses the Net.
19:36 of 1st period - Icing by Joel Ward.
19:37 of 1st period - Casey Cizikas wins face-off versus Boyd Gordon in Flyers zone.
19:49 of 1st period - Shot by Boyd Gordon.
19:49 of 1st period - Stopped by Steve Mason without a rebound.
19:50 of 1st period - Darren Helm wins face-off versus Bo Horvat in Flyers zone.
19:57 of 1st period - Drew Stafford is hit by Bo Horvat and loses puck.
Goals for this period are 1 for Flyers vs 1 for Devils.
Shots for this period are 7 for Flyers vs 12 for Devils.

2nd period


0:01 of 2nd period - Nikolay Kulemin wins face-off versus Bo Horvat in neutral zone.
0:01 of 2nd period - Nikolay Kulemin is hit by Bo Horvat.
0:04 of 2nd period - Minor Penalty to Matt Benning for Tripping.
0:05 of 2nd period - Darren Helm wins face-off versus Kyle Brodziak in Flyers zone.
0:18 of 2nd period - Shot by Dougie Hamilton.
0:18 of 2nd period - Shot Misses the Net.
2:34 of 2nd period - Shot by Alexander Killorn.
2:34 of 2nd period - Shot Misses the Net.
3:07 of 2nd period - Off-side.
3:08 of 2nd period - Joel Ward wins face-off versus Boyd Gordon in neutral zone.
3:21 of 2nd period - Shot by Casey Cizikas.
3:21 of 2nd period - Stopped by Michal Neuvirth without a rebound.
3:22 of 2nd period - Darren Helm wins face-off versus Jori Lehtera in Devils zone.
3:22 of 2nd period - Nikolay Kulemin is hit by Jori Lehtera.
3:28 of 2nd period - Kyle Brodziak is hit by Drew Stafford and loses puck.
3:33 of 2nd period - Shot by Anton Stralman.
3:33 of 2nd period - Shot Blocked by Ben Hutton.
3:47 of 2nd period - Shot by Darren Helm.
3:47 of 2nd period - Shot Misses the Net.
3:49 of 2nd period - Shot by Anton Stralman.
3:49 of 2nd period - Stopped by Steve Mason without a rebound.
3:50 of 2nd period - Jordan Staal wins face-off versus Bo Horvat in Flyers zone.
3:50 of 2nd period - Shayne Gostisbehere is hit by Jonathan Ericsson and loses puck.
3:59 of 2nd period - Shot by Thomas Vanek.
3:59 of 2nd period - Stopped by Michal Neuvirth with a rebound.
4:01 of 2nd period - Shot by Bo Horvat.
4:01 of 2nd period - Stopped by Michal Neuvirth without a rebound.
4:02 of 2nd period - Alexander Killorn wins face-off versus Boyd Gordon in Devils zone.
4:12 of 2nd period - Minor Penalty to Damon Severson for Hooking.
4:13 of 2nd period - Darren Helm wins face-off versus Kyle Brodziak in Flyers zone.
4:24 of 2nd period - Shot by Justin Schultz.
4:24 of 2nd period - Goal by Justin Schultz - Flyers : 1 - Devils : 2.
4:25 of 2nd period - Jordan Staal wins face-off versus Bo Horvat in neutral zone.
4:28 of 2nd period - Shot by Mike Cammalleri.
4:28 of 2nd period - Stopped by Steve Mason without a rebound.
4:29 of 2nd period - Darren Helm wins face-off versus Bo Horvat in Flyers zone.
5:17 of 2nd period - Bo Horvat is hit by Adam Pardy.
5:46 of 2nd period - Shot by Mike Cammalleri.
5:46 of 2nd period - Stopped by Steve Mason without a rebound.
5:47 of 2nd period - Boyd Gordon wins face-off versus Casey Cizikas in Flyers zone.
6:00 of 2nd period - Shot by Ales Hemsky.
6:00 of 2nd period - Shot Blocked by Jonathan Ericsson.
6:32 of 2nd period - Icing by Dougie Hamilton.
6:33 of 2nd period - Ales Hemsky wins face-off versus Alexander Killorn in Devils zone.
6:33 of 2nd period - Ales Hemsky is hit by Scott Hartnell.
6:47 of 2nd period - Ben Hutton is hit by Dougie Hamilton.
6:59 of 2nd period - Shot by Scott Hartnell.
6:59 of 2nd period - Shot Misses the Net.
7:01 of 2nd period - Shot by Alexander Killorn.
7:01 of 2nd period - Stopped by Michal Neuvirth with a rebound.
7:03 of 2nd period - Shot by Scott Hartnell.
7:03 of 2nd period - Shot Blocked by Shayne Gostisbehere.
7:05 of 2nd period - Shot by Ben Hutton.
7:05 of 2nd period - Shot Blocked by Dougie Hamilton.
7:07 of 2nd period - Shot by Alexander Killorn.
7:07 of 2nd period - Goal by Alexander Killorn - Flyers : 2 - Devils : 2.
7:08 of 2nd period - Bo Horvat wins face-off versus Jordan Staal in neutral zone.
7:11 of 2nd period - Justin Schultz is hit by Bo Horvat and loses puck.
7:24 of 2nd period - Shot by Dustin Brown.
7:24 of 2nd period - Shot Misses the Net.
7:26 of 2nd period - Shot by Anton Stralman.
7:26 of 2nd period - Stopped by Steve Mason with a rebound.
7:51 of 2nd period - Andre Burakovsky is hit by Anton Stralman and loses puck.
8:19 of 2nd period - Shot by Nikolay Kulemin.
8:19 of 2nd period - Goal by Nikolay Kulemin - Flyers : 2 - Devils : 3.
8:20 of 2nd period - Pavel Zacha wins face-off versus Alexander Killorn in neutral zone.
9:45 of 2nd period - Shot by Casey Cizikas.
9:45 of 2nd period - Shot Misses the Net.
10:21 of 2nd period - Anton Stralman is hit by Joel Ward and loses puck.
11:50 of 2nd period - Shot by Bryan Bickell.
11:50 of 2nd period - Stopped by Steve Mason with a rebound.
12:54 of 2nd period - Off-side.
12:55 of 2nd period - Casey Cizikas wins face-off versus Darren Helm in neutral zone.
14:02 of 2nd period - Icing by Andrew MacDonald.
14:03 of 2nd period - Pavel Zacha wins face-off versus Alexander Killorn in Flyers zone.
15:40 of 2nd period - Shot by Drew Stafford.
15:40 of 2nd period - Shot Blocked by Matt Benning.
15:50 of 2nd period - Shot by Darren Helm.
15:50 of 2nd period - Shot Blocked by Andre Burakovsky.
15:52 of 2nd period - Shot by Nikolay Kulemin.
15:52 of 2nd period - Goal by Nikolay Kulemin - Flyers : 2 - Devils : 4.
15:53 of 2nd period - Casey Cizikas wins face-off versus Boyd Gordon in neutral zone.
16:02 of 2nd period - Shot by Justin Schultz.
16:02 of 2nd period - Deflect By Ales Hemsky.
16:02 of 2nd period - Shot Misses the Net.
16:04 of 2nd period - Shot by Boyd Gordon.
16:04 of 2nd period - Deflect By Scott Wilson.
16:04 of 2nd period - Shot Blocked by Andrew MacDonald.
16:06 of 2nd period - Shot by Shayne Gostisbehere.
16:06 of 2nd period - Shot Misses the Net.
16:08 of 2nd period - Shot by Scott Wilson.
16:08 of 2nd period - Shot Misses the Net.
16:10 of 2nd period - Shot by Boyd Gordon.
16:10 of 2nd period - Stopped by Steve Mason without a rebound.
16:11 of 2nd period - Pavel Zacha wins face-off versus Alexander Killorn in Flyers zone.
16:24 of 2nd period - Shot by Alexander Killorn.
16:24 of 2nd period - Deflect By Scott Hartnell.
16:24 of 2nd period - Stopped by Michal Neuvirth without a rebound.
16:25 of 2nd period - Darren Helm wins face-off versus Casey Cizikas in Devils zone.
16:37 of 2nd period - Icing by Ben Hutton.
16:38 of 2nd period - Jordan Staal wins face-off versus Casey Cizikas in Flyers zone.
18:33 of 2nd period - Shot by Bo Horvat.
18:33 of 2nd period - Stopped by Michal Neuvirth with a rebound.
19:06 of 2nd period - Off-side.
19:07 of 2nd period - Jordan Staal wins face-off versus Jori Lehtera in neutral zone.
19:07 of 2nd period - Dustin Brown is hit by Kyle Brodziak and loses puck.
19:18 of 2nd period - Shot by Kyle Brodziak.
19:18 of 2nd period - Shot Blocked by Adam Pardy.
19:20 of 2nd period - Shot by Kyle Brodziak.
19:20 of 2nd period - Deflect By Jori Lehtera.
19:20 of 2nd period - Stopped by Michal Neuvirth without a rebound.
19:21 of 2nd period - Alexander Killorn wins face-off versus Darren Helm in Devils zone.
19:22 of 2nd period - Shot by Scott Hartnell.
19:22 of 2nd period - Stopped by Michal Neuvirth with a rebound.
19:37 of 2nd period - Shot by Drew Stafford.
19:37 of 2nd period - Stopped by Steve Mason without a rebound.
19:38 of 2nd period - Jori Lehtera wins face-off versus Jordan Staal in Flyers zone.
19:47 of 2nd period - Shot by Kyle Brodziak.
19:47 of 2nd period - Stopped by Michal Neuvirth with a rebound.
19:49 of 2nd period - Shot by Jori Lehtera.
19:49 of 2nd period - Stopped by Michal Neuvirth without a rebound.
19:50 of 2nd period - Darren Helm wins face-off versus Alexander Killorn in Devils zone.
Goals for this period are 1 for Flyers vs 3 for Devils.
Shots for this period are 11 for Flyers vs 10 for Devils.

3rd period


0:01 of 3rd period - Darren Helm wins face-off versus Bo Horvat in neutral zone.
0:06 of 3rd period - Shot by Darren Helm.
0:06 of 3rd period - Stopped by Steve Mason with a rebound.
0:08 of 3rd period - Shot by Nikolay Kulemin.
0:08 of 3rd period - Shot Misses the Net.
0:10 of 3rd period - Shot by Nikolay Kulemin.
0:10 of 3rd period - Shot Blocked by Andrew MacDonald.
0:12 of 3rd period - Shot by Nikolay Kulemin.
0:12 of 3rd period - Shot Blocked by Damon Severson.
0:14 of 3rd period - Shot by Steven Kampfer.
0:14 of 3rd period - Shot Blocked by Andrew MacDonald.
0:16 of 3rd period - Shot by Drew Stafford.
0:16 of 3rd period - Shot Misses the Net.
0:18 of 3rd period - Shot by Steven Kampfer.
0:18 of 3rd period - Shot Blocked by Bo Horvat.
1:37 of 3rd period - Icing by Ben Hutton.
1:38 of 3rd period - Alexander Killorn wins face-off versus Scott Wilson in Flyers zone.
2:11 of 3rd period - Shot by Scott Wilson.
2:11 of 3rd period - Stopped by Steve Mason without a rebound.
2:12 of 3rd period - Pavel Zacha wins face-off versus Bo Horvat in Flyers zone.
2:48 of 3rd period - Shot by Thomas Vanek.
2:48 of 3rd period - Shot Blocked by Anton Stralman.
2:57 of 3rd period - Bryan Bickell is hit by Jonathan Ericsson.
3:22 of 3rd period - Shot by Jori Lehtera.
3:22 of 3rd period - Shot Misses the Net.
3:24 of 3rd period - Shot by Kyle Brodziak.
3:24 of 3rd period - Stopped by Michal Neuvirth without a rebound.
3:25 of 3rd period - Casey Cizikas wins face-off versus Nikolay Kulemin in Devils zone.
3:34 of 3rd period - Shot by Casey Cizikas.
3:34 of 3rd period - Stopped by Michal Neuvirth without a rebound.
3:35 of 3rd period - Alexander Killorn wins face-off versus Jordan Staal in Devils zone.
3:35 of 3rd period - Alexander Killorn is hit by Dougie Hamilton.
4:46 of 3rd period - Nikolay Kulemin is hit by Matt Benning and loses puck.
5:26 of 3rd period - Calle Jarnkrok is hit by Boyd Gordon and loses puck.
6:20 of 3rd period - Shot by Jori Lehtera.
6:20 of 3rd period - Stopped by Michal Neuvirth without a rebound.
6:21 of 3rd period - Jordan Staal wins face-off versus Josh Ho-Sang in Devils zone.
6:33 of 3rd period - Minor Penalty to Ben Hutton for Holding Stick.
6:34 of 3rd period - Kyle Brodziak wins face-off versus Darren Helm in Flyers zone.
6:42 of 3rd period - Icing by Drew Stafford.
6:43 of 3rd period - Darren Helm wins face-off versus Kyle Brodziak in Devils zone.
6:43 of 3rd period - Darren Helm is hit by Casey Cizikas.
7:04 of 3rd period - Shot by Dougie Hamilton.
7:04 of 3rd period - Stopped by Steve Mason without a rebound.
7:05 of 3rd period - Calle Jarnkrok wins face-off versus Jordan Staal in Flyers zone.
7:05 of 3rd period - Calle Jarnkrok is hit by Mike Cammalleri.
8:06 of 3rd period - Shot by Drew Stafford.
8:06 of 3rd period - Shot Blocked by Damon Severson.
8:08 of 3rd period - Shot by Dougie Hamilton.
8:08 of 3rd period - Shot Hit the Post.
8:37 of 3rd period - Shot by Scott Wilson.
8:37 of 3rd period - Shot Misses the Net.
8:47 of 3rd period - Shot by Ales Hemsky.
8:47 of 3rd period - Shot Misses the Net.
8:59 of 3rd period - Shot by Scott Wilson.
8:59 of 3rd period - Stopped by Steve Mason without a rebound.
9:00 of 3rd period - Bo Horvat wins face-off versus Pavel Zacha in Flyers zone.
9:21 of 3rd period - Shot by Bo Horvat.
9:21 of 3rd period - Stopped by Michal Neuvirth with a rebound.
10:20 of 3rd period - Shot by Mike Cammalleri.
10:20 of 3rd period - Stopped by Steve Mason without a rebound.
10:21 of 3rd period - Boyd Gordon wins face-off versus Alexander Killorn in Flyers zone.
10:47 of 3rd period - Minor Penalty to Scott Wilson for Holding.
10:48 of 3rd period - Calle Jarnkrok wins face-off versus Darren Helm in Devils zone.
11:42 of 3rd period - Shot by Andrew MacDonald.
11:42 of 3rd period - Stopped by Michal Neuvirth without a rebound.
11:43 of 3rd period - Bo Horvat wins face-off versus Darren Helm in Devils zone.
11:47 of 3rd period - Thomas Vanek is hit by Anton Stralman and loses puck.
11:55 of 3rd period - Bo Horvat is hit by Justin Schultz and loses puck.
12:07 of 3rd period - Icing by Josh Ho-Sang.
12:08 of 3rd period - Bo Horvat wins face-off versus Dustin Brown in Flyers zone.
12:36 of 3rd period - Scott Hartnell is hit by Shayne Gostisbehere and loses puck.
13:07 of 3rd period - Shot by Pavel Zacha.
13:07 of 3rd period - Stopped by Steve Mason without a rebound.
13:08 of 3rd period - Bo Horvat wins face-off versus Jordan Staal in Flyers zone.
15:03 of 3rd period - Off-side.
15:04 of 3rd period - Boyd Gordon wins face-off versus Alexander Killorn in neutral zone.
15:17 of 3rd period - Scott Hartnell is hit by Scott Wilson and loses puck.
15:56 of 3rd period - Shot by Calle Jarnkrok.
15:56 of 3rd period - Stopped by Michal Neuvirth without a rebound.
15:57 of 3rd period - Jordan Staal wins face-off versus Bo Horvat in Devils zone.
16:10 of 3rd period - Dougie Hamilton is hit by Andre Burakovsky and loses puck.
16:38 of 3rd period - Icing by Matt Benning.
16:39 of 3rd period - Bo Horvat wins face-off versus Darren Helm in Flyers zone.
17:28 of 3rd period - Andrew MacDonald is hit by Bryan Bickell and loses puck.
18:02 of 3rd period - Icing by Shayne Gostisbehere.
18:03 of 3rd period - Boyd Gordon wins face-off versus Casey Cizikas in Devils zone.
18:03 of 3rd period - Boyd Gordon is hit by Joel Ward.
18:28 of 3rd period - Ales Hemsky is hit by Jonathan Ericsson and loses puck.
18:35 of 3rd period - Shot by Joel Ward.
18:35 of 3rd period - Shot Misses the Net.
18:42 of 3rd period - Dougie Hamilton is hit by Troy Stecher and loses puck.
18:48 of 3rd period - Icing by Calle Jarnkrok.
18:49 of 3rd period - Darren Helm wins face-off versus Casey Cizikas in Flyers zone.
19:11 of 3rd period - Darren Helm is hit by Jonathan Ericsson and loses puck.
19:44 of 3rd period - Shot by Jordan Staal.
19:44 of 3rd period - Shot Blocked by Jonathan Ericsson.
Goals for this period are 0 for Flyers vs 0 for Devils.
Shots for this period are 6 for Flyers vs 6 for Devils.